 Dungeon Crawl Stone Soup version 0.29.1-2-gbd0b4ee654 (webtiles) character file.

Game seed: 10305383856889570426

32 xian the Trooper (level 3, 0/30 HPs)
             Began as a Formicid Abyssal Knight on Nov 12, 2022.
             Was a Believer of Lugonu.
             Succumbed to an adder's poison
             ... on level 2 of the Dungeon.
             The game lasted 00:03:20 (1363 turns).

xian the Trooper (Formicid Abyssal Knight)          Turns: 1363, Time: 00:03:21

Health: 0/30       AC:  3    Str: 19    XL:     3   Next: 42%
Magic:  4/4        EV: 11    Int:  9    God:    Lugonu [**....]
Gold:   94         SH:  0    Dex: 14    Spells: 2/2 levels left

rFire   . . .      SeeInvis +   a - +1 hand axe
rCold   . . .      Faith    .   (no shield)
rNeg    . . .      Spirit   .   b - +0 leather armour
rPois   .          Reflect  .   (helmet unavailable)
rElec   .          Harm     .   (no cloak)
rCorr   .          Rampage  .   (no gloves)
Will    .....                   (no boots)
Stlth   +.........              (no amulet)
HPRegen 0.10/turn               (no ring)
MPRegen 0.09/turn               (no ring)

@: lethally poisoned (0 -> -15)
A: permanent stasis, dig shafts and tunnels, antennae 3, four strong arms
a: Dig, Shaft Self, Renounce Religion, Depart the Abyss, Bend Space


You were on level 2 of the Dungeon.
You worshipped Lugonu.
Lugonu was pleased with you.
You visited 1 branch of the dungeon, and saw 2 of its levels.
You visited the Abyss 1 time.

You collected 94 gold pieces.

Inventory:

Hand Weapons
 a - a +1 hand axe (weapon)
Armour
 b - a +0 leather armour (worn)
Scrolls
 c - a scroll of fear {unknown}
 d - 2 scrolls of teleportation {unknown}
 e - a scroll of enchant armour {unknown}
 f - 2 scrolls of identify {unknown}


   Skills:
 + Level 3.9 Fighting
 + Level 2.5 Axes
 + Level 2.3 Armour
 + Level 1.0 Dodging
 * Level 2.5 Invocations


You had 2 spell levels left.
You didn't know any spells.
Your spell library was empty.

Dungeon Overview and Level Annotations

Branches:
Dungeon (2/15)

Altars:
Cheibriados


Innate Abilities, Weirdness & Mutations

You cannot be hasted, slowed, berserked, paralysed or teleported.
You can dig through walls and to a lower floor.
You have a pair of large antennae on your head. (SInv)
Your four strong arms can wield two-handed weapons with a shield.


Message History

You sense a monster nearby.
Found an escape hatch in the ceiling.
A dart slug and an adder come into view.
The dart slug launches a dart at you. The slug dart hits you.
The adder hisses angrily.
You closely miss the adder. The adder bites you. The adder misses you.
You closely miss the adder. The adder bites you.
You are poisoned.
The adder poisons you!
You hit the adder.
The adder is moderately wounded.
You hit the dart slug.
You feel sick. The adder closely misses you. The adder misses you.
The dart slug launches a dart at you. The slug dart hits you.
You barely miss the adder.
The adder is moderately wounded.
You hit the dart slug.
You feel sick. The adder closely misses you.
The dart slug launches a dart at you. The slug dart hits you.
The adder bites you.
* * * LOW HITPOINT WARNING * * *
You are lethally poisoned!
The adder poisons you!
You hit the adder.
The adder is severely wounded.
You hit the dart slug.
* * * LOW HITPOINT WARNING * * *
You feel sick. The adder bites you.
* * * LOW HITPOINT WARNING * * *
You are more poisoned.
The adder poisons you! The dart slug completely misses you.
You aren't carrying any potions.
Unknown command.
You closely miss the adder.
The adder is severely wounded.
You hit the dart slug.
You kill the dart slug!
Lugonu accepts your kill.
You die...

#. .# #. .### ..
... #. .##.. #.#
.... #.# #..# #..##
#S†#
##...###@.###...
#####..#..........#
.<.....#..........#
#....###..###...
##..## #..# .. #.##
##..## . #.####....
# #..##..##..##.
#.............


You could see an adder.

Vanquished Creatures
  An adder (D:2)
  2 dart slugs
  2 endoplasms (D:1)
  A giant cockroach (D:1)
  2 jackals (D:1)
  3 kobolds (D:1)
  2 quokkas (D:1)
  A ball python (D:1)
  4 bats (D:1)
  3 rats (D:1)
21 creatures vanquished.

Notes
Turn   | Place    | Note
-------+----------+-------------------------------------------
     0 | Abyss:1  | xian the Formicid Abyssal Knight began the quest for the
                  | Orb.
     0 | Abyss:1  | Reached XP level 1. HP: 18/18 MP: 2/2
   115 | Abyss:2  | Found a corrupted altar of Lugonu.
   156 | Abyss:2  | Noticed a ynoxinul
   173 | D:1      | Escaped the Abyss
   173 | D:1      | Found a faded altar of an unknown god.
   403 | D:1      | Reached XP level 2. HP: 17/24 MP: 3/3
   542 | D:1      | Reached ** piety under Lugonu
   882 | D:1      | Reached XP level 3. HP: 24/30 MP: 4/4
  1285 | D:1      | Found a snail-covered altar of Cheibriados.
  1333 | D:2      | Reached skill level 1 in Dodging
  1363 | D:2      | Succumbed to an adder's poison

Illustrated notes

Levels and vault maps discovered:
D:1:      dpeg_arrival_lava_altar, layout_basic,
          ebering_ecumenical_altar_petrified, nicolae_titane
D:2:      layout_basic, palyth_stone_intersect

Skill      XL: |  1  2  3 |
---------------+----------+-----
Dodging        | 1 |  1.0
Fighting       | |  3.9
Axes           | |  2.5
Armour         | |  2.3
Invocations    | |  2.5

Action                   || total
-------------------------++-------
Melee: Hand axe          ||    66
Invok: Depart the Abyss  ||     1
 Abil: Dig               ||     1
Armor: Leather armour    ||    25
Dodge: Dodged            ||    42
